Workbook

Sheet Instructions

Sheet Submission Checklist
B3: Document Checklists for Quarterly Reporting – High Visibility Enforcement
B5: FALSE | C5: Reimbursement request signed by legal authority
B6: FALSE | C6: Financial Report signed by financial/payroll representative
B7: FALSE | C7: Match Report signed by financial/payroll representative (Match is optional)
B8: FALSE | C8: Supporting payroll documentation for activities conducted during reporting period (Include Social Security, Medicare, and MainePers Retirement if applicable)
B9: FALSE | C9: Activity Progress Report signed by Project Director
B10: FALSE | C10: HVE Narrative Progress Report (Only required for Final RR)
B11: FALSE | C11: Signed Equipment Letter, Copy of Paid Invoice, Backup for date of radars ordered, Check or EFT (Speed Radars Only)
B12: FALSE | C12: CROP reports for each detail conducted during reporting period
B13: FALSE | C13: Copies of summons issued during CROPs (citation numbers for agencies on eCitation)

Sheet Information
B2: Subrecipient Information from Grant Application
A4: Subrecipient Name:
A6: Checks payable to: | D6: =IF(ISBLANK(B6),"Please insert the required information","") -> Please insert the required information
A7: Address: | D7: =IF(ISBLANK(B7),"Please insert the required information","") -> Please insert the required information
A8: City/Town/State/Zip: | D8: =IF(ISBLANK(B8),"Please insert the required information","") -> Please insert the required information
A10: Federal Employer Number: | D10: =IF(ISBLANK(B10),"Please insert the required information","") -> Please insert the required information
A11: Vendor Number: | D11: =IF(ISBLANK(B11),"Please insert the required information","") -> Please insert the required information
A13: Grant Program (Tab) | B13: Federal Dollars Awarded | D13: PT Subgrant Number
A14: Impaired Driving (AL):
A15: Occupant Protection (OP):
A16: Pedestrian & M/V (PS):
A17: Speed (SC):
D18: DD Subgrant Number
A19: Distracted Driving (DD):
B21: Employer Contribution Rate
B22: (if applicable)
A23: Social Security (6.2% only):
A24: Medicare (1.45% only):
A25: MainePers Retirement Rate: | D25: < =Please note this rate may change on July 1st 2027
A61: Yes
A62: No

Sheet 2027 AL FSR
A1: 2027 Impaired Driving Enforcement
A2: FINANCIAL SUMMARY REPORT
E3: =Information!B4 -> 0
B4: Department Name: | K4: Subgrant # | L4: =Information!D14 -> 0 | P4: *Please complete all highlighted fields
B6: Financial Reporting Period: | G6: to | P6: and checkboxes as necessary. All other
B8: Officer Name | F8: Date of Activity | G8: Hours | H8: Overtime Rate | I8: Social Security | J8: Medicare | K8: Retirement | L8: Date Paid | M8: Total | P8: required fields will automatically populate from prior worksheets*
I9: =Information!B23 -> 0 | J9: =Information!B24 -> 0 | K9: =Information!B25 -> 0
B10: 1 | I10: =SUM((H10*G10)*I$9) -> 0 | J10: =SUM((G10*H10)*J$9) -> 0 | K10: =SUM((G10*H10)*K$9) -> 0 | M10: =SUM((G10*H10)+(I10+J10+K10)) -> 0
B11: 2 | I11: =SUM((H11*G11)*I$9) -> 0 | J11: =SUM((G11*H11)*J$9) -> 0 | K11: =SUM((G11*H11)*K$9) -> 0 | M11: =SUM((G11*H11)+(I11+J11+K11)) -> 0
B12: 3 | I12: =SUM((H12*G12)*I$9) -> 0 | J12: =SUM((G12*H12)*J$9) -> 0 | K12: =SUM((G12*H12)*K$9) -> 0 | M12: =SUM((G12*H12)+(I12+J12+K12)) -> 0
B13: 4 | I13: =SUM((H13*G13)*I$9) -> 0 | J13: =SUM((G13*H13)*J$9) -> 0 | K13: =SUM((G13*H13)*K$9) -> 0 | M13: =SUM((G13*H13)+(I13+J13+K13)) -> 0
B14: 5 | I14: =SUM((H14*G14)*I$9) -> 0 | J14: =SUM((G14*H14)*J$9) -> 0 | K14: =SUM((G14*H14)*K$9) -> 0 | M14: =SUM((G14*H14)+(I14+J14+K14)) -> 0
B15: 6 | I15: =SUM((H15*G15)*I$9) -> 0 | J15: =SUM((G15*H15)*J$9) -> 0 | K15: =SUM((G15*H15)*K$9) -> 0 | M15: =SUM((G15*H15)+(I15+J15+K15)) -> 0
B16: 7 | I16: =SUM((H16*G16)*I$9) -> 0 | J16: =SUM((G16*H16)*J$9) -> 0 | K16: =SUM((G16*H16)*K$9) -> 0 | M16: =SUM((G16*H16)+(I16+J16+K16)) -> 0
B17: 8 | I17: =SUM((H17*G17)*I$9) -> 0 | J17: =SUM((G17*H17)*J$9) -> 0 | K17: =SUM((G17*H17)*K$9) -> 0 | M17: =SUM((G17*H17)+(I17+J17+K17)) -> 0
B18: 9 | I18: =SUM((H18*G18)*I$9) -> 0 | J18: =SUM((G18*H18)*J$9) -> 0 | K18: =SUM((G18*H18)*K$9) -> 0 | M18: =SUM((G18*H18)+(I18+J18+K18)) -> 0
B19: 10 | I19: =SUM((H19*G19)*I$9) -> 0 | J19: =SUM((G19*H19)*J$9) -> 0 | K19: =SUM((G19*H19)*K$9) -> 0 | M19: =SUM((G19*H19)+(I19+J19+K19)) -> 0
B20: 11 | I20: =SUM((H20*G20)*I$9) -> 0 | J20: =SUM((G20*H20)*J$9) -> 0 | K20: =SUM((G20*H20)*K$9) -> 0 | M20: =SUM((G20*H20)+(I20+J20+K20)) -> 0
B21: 12 | I21: =SUM((H21*G21)*I$9) -> 0 | J21: =SUM((G21*H21)*J$9) -> 0 | K21: =SUM((G21*H21)*K$9) -> 0 | M21: =SUM((G21*H21)+(I21+J21+K21)) -> 0
... B44: 35 | I44: =SUM((H44*G44)*I$9) -> 0 | J44: =SUM((G44*H44)*J$9) -> 0 | K44: =SUM((G44*H44)*K$9) -> 0 | M44: =SUM((G44*H44)+(I44+J44+K44)) -> 0
B45: Finance Adjustment | M45: =F45 -> 0
B46: Total Hours | G46: =SUM(G10:G44) -> 0 | L46: Total Costs | M46: =ROUND(SUM(M10:M45),2) -> 0
B48: Notes for Finance Adjustment
B53: I certify that the totals listed above are the overtime wages earned by the participating officers and were paid to the officers on the dates indicated. Reimbursement is being sought as personal services under the 2027 Impaired Driving Enforcement grant.
B56: ****Payroll Representative/Financial Officer listed on the application****
B58: Printed name: | J58: Title:
B60: Signature: | K60: Date:
M61: Rev. 9/2026

Sheet 2027 AL Match
A1: 2027 Impaired Driving Enforcement
A2: MATCH REPORT
E3: =Information!B4 -> 0
B4: Department Name: | K4: Subgrant # | L4: =Information!D14 -> 0 | P4: *Please complete all highlighted fields
B6: Financial Reporting Period: | F6: ='2027 AL FSR'!F6 -> 0 | G6: to | H6: ='2027 AL FSR'!H6 -> 0 | P6: and checkboxes as necessary. All other
B8: Officer Name | F8: Date of Activity | G8: Hours | H8: Salary Rate | I8: Function | L8: Date Paid | M8: Total | P8: required fields will automatically populate from prior worksheets*
B10: 1 | M10: =SUM(G10*H10) -> 0
B11: 2 | M11: =SUM(G11*H11) -> 0
B12: 3 | M12: =SUM(G12*H12) -> 0
B13: 4 | M13: =SUM(G13*H13) -> 0
B14: 5 | M14: =SUM(G14*H14) -> 0
B15: 6 | M15: =SUM(G15*H15) -> 0
B16: 7 | M16: =SUM(G16*H16) -> 0
B17: 8 | M17: =SUM(G17*H17) -> 0
B18: 9 | M18: =SUM(G18*H18) -> 0
B19: 10 | M19: =SUM(G19*H19) -> 0
B20: 11 | M20: =SUM(G20*H20) -> 0
B21: 12 | M21: =SUM(G21*H21) -> 0
... B44: 35 | M44: =SUM(G44*H44) -> 0
B46: Total Hours | G46: =SUM(G10:G44) -> 0 | K46: Total Costs (Match) | M46: =ROUND(SUM(M10:M45),2) -> 0
B48: Other Types of Match | M48: 0
B49: Other Types of Match | M49: 0
K50: Total Match | M50: =ROUND(SUM(M46+M48+M49),2) -> 0
B51: I certify that the totals listed above are an actual representation of expenses incurred by this agency towards the administration of the federal grant listed above. The expenses listed above are intended as in-kind match funds to be utilized to satisfy the match requirements of the federal grant. I further certify that the expenses listed above are not being used as match funds for any other federal grant program and are in accordance with federal guidelines.
B56: ****Payroll Representative/Financial Officer listed on the application****
B58: Printed name: | J58: Title:
B60: Signature: | K60: Date:
M61: Rev. 9/2026

Sheet 2027 AL RR
B1: Bureau of Highway Safety | E1: Please e-mail reimbursement to: BHSGrant.MDPS@maine.gov
B2: 164 State House Station
B3: Augusta, ME 04333-0164 | M3: *Please complete all highlighted fields
B5: REIMBURSEMENT REQUEST/EXPENDITURE REPORT | M5: and checkboxes as necessary. All other
B7: SUBRECIPIENT: | D7: =Information!B4 -> 0 | H7: SUBGRANT #: | I7: =Information!D14 -> 0 | M7: required fields will automatically populate
B9: PROJECT TITLE: | D9: 2027 Impaired Driving Enforcement | M9: from prior worksheets*
B11: REPORT PERIOD: | D11: ='2027 AL FSR'!F6 -> 0 | E11: TO | F11: ='2027 AL FSR'!H6 -> 0 | M11: *Line 8 is to be filled in with the amount from Line 9 of your previous reimbursement request.
E13: Federal Dollars | G13: Match Funds | I13: Total Grant Funds
B14: 1 | C14: Award Amount | E14: =Information!B14 -> 0 | G14: =SUM(E14*0.25) -> 0 | I14: =SUM(E14+G14) -> 0
B16: 2 | C16: Personal Services | E16: ='2027 AL FSR'!M46 -> 0 | I16: =SUM(E16:H16) -> 0
B17: 3 | C17: Travel | I17: =SUM(E17:H17) -> 0
B18: 4 | C18: Equipment | I18: =SUM(E18:H18) -> 0
B19: 5 | C19: Consultants | I19: =SUM(E19:H19) -> 0
B20: 6 | C20: Other | G20: =IFERROR('2027 AL Match'!M50,0) -> 0 | I20: =SUM(E20:H20) -> 0
B22: 7 | C22: Total Cost this Period | E22: =SUM(E16:F20) -> 0 | G22: =SUM(G16:H20) -> 0 | I22: =SUM(I16:J20) -> 0
B23: 8 | C23: Cumulative Cost Prior Period(s)* | I23: =SUM(E23:H23) -> 0
B24: 9 | C24: Cumulative Cost to Date | E24: =SUM(E22:F23) -> 0 | G24: =SUM(G22:H23) -> 0 | I24: =SUM(E24:H24) -> 0
B26: 10 | C26: Balance Remaining in Grant | E26: =SUM(E14-E24) -> 0 | G26: =SUM(G14-G24) -> 0 | I26: =SUM(I14-I24) -> 0
B29: 11. | H29: 12.
B31: I CERTIFY, that, in accordance with the laws of the state and under terms of the approved project mentioned herein, that actual
B32: costs claimed have been incurred for the purpose specified; that no other/prior claim has been presented for payment of costs
B33: claimed herein.
B35: 13.
C36: Date | E36: Authorized Signature | I36: Title
B38: 14. | C38: Federal Employer Number: | E38: =Information!B10 -> 0
C40: Make check payable to: | E40: =Information!B6 -> 0
E42: =Information!B7 -> 0
E43: =Information!B8 -> 0
E44: Bureau of Highway Safety Use Only
B46: Voucher #: | D46: Voucher Date: | F46: Request #: | H46: Amount: | I46: =E22 -> 0
B48: Coordinator Review By: | E48: Date Recieved: | G48: Final Date Approved:
B50: Accounting Review By: | E50: Date: | H50: Expended:
H51: Disbursed:
H52: Draw:
B55: Approved for payment by: ___________________________________________ | H55: Date:___________________
B57: Vendor Code: | D57: =Information!B11 -> 0
B59: ALN # : 20.600
B60: CTB: 16A 20260611*0067
H61: =E22 -> 0
J63: rev 9/2026

Sheet 2027 DD FSR
A1: 2027 Distracted Driving Enforcement
A2: FINANCIAL SUMMARY REPORT
E3: =Information!B4 -> 0
B4: Department Name: | K4: Subgrant # | L4: =Information!D19 -> 0 | P4: *Please complete all highlighted fields
B6: Financial Reporting Period: | G6: to | P6: and checkboxes as necessary. All other
B8: Officer Name | F8: Date of Activity | G8: Hours | H8: Overtime Rate | I8: Social Security | J8: Medicare | K8: Retirement | L8: Date Paid | M8: Total | P8: required fields will automatically populate from prior worksheets*
I9: =Information!B23 -> 0 | J9: =Information!B24 -> 0 | K9: =Information!B25 -> 0
B10: 1 | I10: =SUM((H10*G10)*I$9) -> 0 | J10: =SUM((G10*H10)*J$9) -> 0 | K10: =SUM((G10*H10)*K$9) -> 0 | M10: =SUM((G10*H10)+(I10+J10+K10)) -> 0
B11: 2 | I11: =SUM((H11*G11)*I$9) -> 0 | J11: =SUM((G11*H11)*J$9) -> 0 | K11: =SUM((G11*H11)*K$9) -> 0 | M11: =SUM((G11*H11)+(I11+J11+K11)) -> 0
B12: 3 | I12: =SUM((H12*G12)*I$9) -> 0 | J12: =SUM((G12*H12)*J$9) -> 0 | K12: =SUM((G12*H12)*K$9) -> 0 | M12: =SUM((G12*H12)+(I12+J12+K12)) -> 0
B13: 4 | I13: =SUM((H13*G13)*I$9) -> 0 | J13: =SUM((G13*H13)*J$9) -> 0 | K13: =SUM((G13*H13)*K$9) -> 0 | M13: =SUM((G13*H13)+(I13+J13+K13)) -> 0
B14: 5 | I14: =SUM((H14*G14)*I$9) -> 0 | J14: =SUM((G14*H14)*J$9) -> 0 | K14: =SUM((G14*H14)*K$9) -> 0 | M14: =SUM((G14*H14)+(I14+J14+K14)) -> 0
B15: 6 | I15: =SUM((H15*G15)*I$9) -> 0 | J15: =SUM((G15*H15)*J$9) -> 0 | K15: =SUM((G15*H15)*K$9) -> 0 | M15: =SUM((G15*H15)+(I15+J15+K15)) -> 0
B16: 7 | I16: =SUM((H16*G16)*I$9) -> 0 | J16: =SUM((G16*H16)*J$9) -> 0 | K16: =SUM((G16*H16)*K$9) -> 0 | M16: =SUM((G16*H16)+(I16+J16+K16)) -> 0
B17: 8 | I17: =SUM((H17*G17)*I$9) -> 0 | J17: =SUM((G17*H17)*J$9) -> 0 | K17: =SUM((G17*H17)*K$9) -> 0 | M17: =SUM((G17*H17)+(I17+J17+K17)) -> 0
B18: 9 | I18: =SUM((H18*G18)*I$9) -> 0 | J18: =SUM((G18*H18)*J$9) -> 0 | K18: =SUM((G18*H18)*K$9) -> 0 | M18: =SUM((G18*H18)+(I18+J18+K18)) -> 0
B19: 10 | I19: =SUM((H19*G19)*I$9) -> 0 | J19: =SUM((G19*H19)*J$9) -> 0 | K19: =SUM((G19*H19)*K$9) -> 0 | M19: =SUM((G19*H19)+(I19+J19+K19)) -> 0
B20: 11 | I20: =SUM((H20*G20)*I$9) -> 0 | J20: =SUM((G20*H20)*J$9) -> 0 | K20: =SUM((G20*H20)*K$9) -> 0 | M20: =SUM((G20*H20)+(I20+J20+K20)) -> 0
B21: 12 | I21: =SUM((H21*G21)*I$9) -> 0 | J21: =SUM((G21*H21)*J$9) -> 0 | K21: =SUM((G21*H21)*K$9) -> 0 | M21: =SUM((G21*H21)+(I21+J21+K21)) -> 0
... B44: 35 | I44: =SUM((H44*G44)*I$9) -> 0 | J44: =SUM((G44*H44)*J$9) -> 0 | K44: =SUM((G44*H44)*K$9) -> 0 | M44: =SUM((G44*H44)+(I44+J44+K44)) -> 0
B45: Finance Adjustment | M45: =F45 -> 0
B46: Total Hours | G46: =SUM(G10:G44) -> 0 | L46: Total Costs | M46: =ROUND(SUM(M10:M45),2) -> 0
B48: Notes for Finance Adjustment
B53: I certify that the totals listed above are the overtime wages earned by the participating officers and were paid to the officers on the dates indicated. Reimbursement is being sought as personal services under the 2027 Distracted Driving Enforcement grant.
B56: ****Payroll Representative/Financial Officer listed on the application****
B58: Printed name: | J58: Title:
B60: Signature: | K60: Date:
M61: Rev. 9/2026

Sheet 2027 DD Match
A1: 2027 Distracted Driving Enforcement
A2: MATCH REPORT
E3: =Information!B4 -> 0
B4: Department Name: | K4: Subgrant # | L4: =Information!D19 -> 0 | P4: *Please complete all highlighted fields
B6: Financial Reporting Period: | F6: ='2027 DD FSR'!F6 -> 0 | G6: to | H6: ='2027 DD FSR'!H6 -> 0 | P6: and checkboxes as necessary. All other
B8: Officer Name | F8: Date of Activity | G8: Hours | H8: Salary Rate | I8: Function | L8: Date Paid | M8: Total | P8: required fields will automatically populate from prior worksheets*
B10: 1 | M10: =SUM(G10*H10) -> 0
B11: 2 | M11: =SUM(G11*H11) -> 0
B12: 3 | M12: =SUM(G12*H12) -> 0
B13: 4 | M13: =SUM(G13*H13) -> 0
B14: 5 | M14: =SUM(G14*H14) -> 0
B15: 6 | M15: =SUM(G15*H15) -> 0
B16: 7 | M16: =SUM(G16*H16) -> 0
B17: 8 | M17: =SUM(G17*H17) -> 0
B18: 9 | M18: =SUM(G18*H18) -> 0
B19: 10 | M19: =SUM(G19*H19) -> 0
B20: 11 | M20: =SUM(G20*H20) -> 0
B21: 12 | M21: =SUM(G21*H21) -> 0
... B44: 35 | M44: =SUM(G44*H44) -> 0
B46: Total Hours | G46: =SUM(G10:G44) -> 0 | K46: Total Costs (Match) | M46: =ROUND(SUM(M10:M45),2) -> 0
B48: Other Types of Match | M48: 0
B49: Other Types of Match | M49: 0
K50: Total Match | M50: =ROUND(SUM(M46+M48+M49),2) -> 0
B51: I certify that the totals listed above are an actual representation of expenses incurred by this agency towards the administration of the federal grant listed above. The expenses listed above are intended as in-kind match funds to be utilized to satisfy the match requirements of the federal grant. I further certify that the expenses listed above are not being used as match funds for any other federal grant program and are in accordance with federal guidelines.
B56: ****Payroll Representative/Financial Officer listed on the application****
B58: Printed name: | J58: Title:
B60: Signature: | K60: Date:
M61: Rev. 9/2026

Sheet 2027 DD RR
B1: Bureau of Highway Safety | E1: Please e-mail reimbursement to: BHSGrant.MDPS@maine.gov
B2: 164 State House Station
B3: Augusta, ME 04333-0164 | M3: *Please complete all highlighted fields
B5: REIMBURSEMENT REQUEST/EXPENDITURE REPORT | M5: and checkboxes as necessary. All other
B7: SUBRECIPIENT: | D7: =Information!B4 -> 0 | H7: SUBGRANT #: | I7: =Information!D19 -> 0 | M7: required fields will automatically populate
B9: PROJECT TITLE: | D9: 2027 Distracted Driving Enforcement | M9: from prior worksheets*
B11: REPORT PERIOD: | D11: ='2027 DD FSR'!F6 -> 0 | E11: TO | F11: ='2027 DD FSR'!H6 -> 0 | M11: *Line 8 is to be filled in with the amount from Line 9 of your previous reimbursement request.
E13: Federal Dollars | G13: Match Funds | I13: Total Grant Funds
B14: 1 | C14: Award Amount | E14: =Information!B19 -> 0 | G14: =SUM(E14*0.25) -> 0 | I14: =SUM(E14+G14) -> 0
B16: 2 | C16: Personal Services | E16: ='2027 DD FSR'!M46 -> 0 | I16: =SUM(E16:H16) -> 0
B17: 3 | C17: Travel | I17: =SUM(E17:H17) -> 0
B18: 4 | C18: Equipment | I18: =SUM(E18:H18) -> 0
B19: 5 | C19: Consultants | I19: =SUM(E19:H19) -> 0
B20: 6 | C20: Other | G20: =IFERROR('2027 DD Match'!M50,0) -> 0 | I20: =SUM(E20:H20) -> 0
B22: 7 | C22: Total Cost this Period | E22: =SUM(E16:F20) -> 0 | G22: =SUM(G16:H20) -> 0 | I22: =SUM(I16:J20) -> 0
B23: 8 | C23: Cumulative Cost Prior Period(s)* | I23: =SUM(E23:H23) -> 0
B24: 9 | C24: Cumulative Cost to Date | E24: =SUM(E22:F23) -> 0 | G24: =SUM(G22:H23) -> 0 | I24: =SUM(E24:H24) -> 0
B26: 10 | C26: Balance Remaining in Grant | E26: =SUM(E14-E24) -> 0 | G26: =SUM(G14-G24) -> 0 | I26: =SUM(I14-I24) -> 0
B29: 11. | H29: 12.
B31: I CERTIFY, that, in accordance with the laws of the state and under terms of the approved project mentioned herein, that actual
B32: costs claimed have been incurred for the purpose specified; that no other/prior claim has been presented for payment of costs
B33: claimed herein.
B35: 13.
C36: Date | E36: Authorized Signature | I36: Title
B38: 14. | C38: Federal Employer Number: | E38: =Information!B10 -> 0
C40: Make check payable to: | E40: =Information!B6 -> 0
E42: =Information!B7 -> 0
E43: =Information!B8 -> 0
E44: Bureau of Highway Safety Use Only
B46: Voucher #: | D46: Voucher Date: | F46: Request #: | H46: Amount: | I46: =E22 -> 0
B48: Coordinator Review By: | E48: Date Recieved: | G48: Final Date Approved:
B50: Accounting Review By: | E50: Date: | H50: Expended:
H51: Disbursed:
H52: Draw:
B55: Approved for payment by: ___________________________________________ | H55: Date:___________________
B57: Vendor Code: | D57: =Information!B11 -> 0
B59: ALN # : 20.616
B60: CTB: 16A 20260611*0067
H61: =E22 -> 0
J63: rev 9/2026

Sheet 2027 OP FSR
A1: 2027 Occupant Protection CIOT/BUNE
A2: FINANCIAL SUMMARY REPORT
E3: =Information!B4 -> 0
B4: Department Name: | K4: Subgrant # | L4: =Information!D14 -> 0 | P4: *Please complete all highlighted fields
B6: Financial Reporting Period: | G6: to | P6: and checkboxes as necessary. All other
B8: Officer Name | F8: Date of Activity | G8: Hours | H8: Overtime Rate | I8: Social Security | J8: Medicare | K8: Retirement | L8: Date Paid | M8: Total | P8: required fields will automatically populate from prior worksheets*
I9: =Information!B23 -> 0 | J9: =Information!B24 -> 0 | K9: =Information!B25 -> 0
B10: 1 | I10: =SUM((H10*G10)*I$9) -> 0 | J10: =SUM((G10*H10)*J$9) -> 0 | K10: =SUM((G10*H10)*K$9) -> 0 | M10: =SUM((G10*H10)+(I10+J10+K10)) -> 0
B11: 2 | I11: =SUM((H11*G11)*I$9) -> 0 | J11: =SUM((G11*H11)*J$9) -> 0 | K11: =SUM((G11*H11)*K$9) -> 0 | M11: =SUM((G11*H11)+(I11+J11+K11)) -> 0
B12: 3 | I12: =SUM((H12*G12)*I$9) -> 0 | J12: =SUM((G12*H12)*J$9) -> 0 | K12: =SUM((G12*H12)*K$9) -> 0 | M12: =SUM((G12*H12)+(I12+J12+K12)) -> 0
B13: 4 | I13: =SUM((H13*G13)*I$9) -> 0 | J13: =SUM((G13*H13)*J$9) -> 0 | K13: =SUM((G13*H13)*K$9) -> 0 | M13: =SUM((G13*H13)+(I13+J13+K13)) -> 0
B14: 5 | I14: =SUM((H14*G14)*I$9) -> 0 | J14: =SUM((G14*H14)*J$9) -> 0 | K14: =SUM((G14*H14)*K$9) -> 0 | M14: =SUM((G14*H14)+(I14+J14+K14)) -> 0
B15: 6 | I15: =SUM((H15*G15)*I$9) -> 0 | J15: =SUM((G15*H15)*J$9) -> 0 | K15: =SUM((G15*H15)*K$9) -> 0 | M15: =SUM((G15*H15)+(I15+J15+K15)) -> 0
B16: 7 | I16: =SUM((H16*G16)*I$9) -> 0 | J16: =SUM((G16*H16)*J$9) -> 0 | K16: =SUM((G16*H16)*K$9) -> 0 | M16: =SUM((G16*H16)+(I16+J16+K16)) -> 0
B17: 8 | I17: =SUM((H17*G17)*I$9) -> 0 | J17: =SUM((G17*H17)*J$9) -> 0 | K17: =SUM((G17*H17)*K$9) -> 0 | M17: =SUM((G17*H17)+(I17+J17+K17)) -> 0
B18: 9 | I18: =SUM((H18*G18)*I$9) -> 0 | J18: =SUM((G18*H18)*J$9) -> 0 | K18: =SUM((G18*H18)*K$9) -> 0 | M18: =SUM((G18*H18)+(I18+J18+K18)) -> 0
B19: 10 | I19: =SUM((H19*G19)*I$9) -> 0 | J19: =SUM((G19*H19)*J$9) -> 0 | K19: =SUM((G19*H19)*K$9) -> 0 | M19: =SUM((G19*H19)+(I19+J19+K19)) -> 0
B20: 11 | I20: =SUM((H20*G20)*I$9) -> 0 | J20: =SUM((G20*H20)*J$9) -> 0 | K20: =SUM((G20*H20)*K$9) -> 0 | M20: =SUM((G20*H20)+(I20+J20+K20)) -> 0
B21: 12 | I21: =SUM((H21*G21)*I$9) -> 0 | J21: =SUM((G21*H21)*J$9) -> 0 | K21: =SUM((G21*H21)*K$9) -> 0 | M21: =SUM((G21*H21)+(I21+J21+K21)) -> 0
... B44: 35 | I44: =SUM((H44*G44)*I$9) -> 0 | J44: =SUM((G44*H44)*J$9) -> 0 | K44: =SUM((G44*H44)*K$9) -> 0 | M44: =SUM((G44*H44)+(I44+J44+K44)) -> 0
B45: Finance Adjustment | M45: =F45 -> 0
B46: Total Hours | G46: =SUM(G10:G44) -> 0 | L46: Total Costs | M46: =ROUND(SUM(M10:M45),2) -> 0
B48: Notes for Finance Adjustment
B53: I certify that the totals listed above are the overtime wages earned by the participating officers and were paid to the officers on the dates indicated. Reimbursement is being sought as personal services under the 2027 Click It or Ticket High Visibility Enforcement Campaign & Increased Seat Belt Enforcement grant.
B56: ****Payroll Representative/Financial Officer listed on the application****
B58: Printed name: | J58: Title:
B60: Signature: | K60: Date:
M61: Rev. 9/2026

Sheet 2027 OP Match
A1: 2027 Occupant Protection CIOT/BUNE
A2: MATCH REPORT
E3: =Information!B4 -> 0
B4: Department Name: | K4: Subgrant # | L4: =Information!D14 -> 0 | P4: *Please complete all highlighted fields
B6: Financial Reporting Period: | F6: ='2027 OP FSR'!F6 -> 0 | G6: to | H6: ='2027 OP FSR'!H6 -> 0 | P6: and checkboxes as necessary. All other
B8: Officer Name | F8: Date of Activity | G8: Hours | H8: Salary Rate | I8: Function | L8: Date Paid | M8: Total | P8: required fields will automatically populate from prior worksheets*
B10: 1 | M10: =SUM(G10*H10) -> 0
B11: 2 | M11: =SUM(G11*H11) -> 0
B12: 3 | M12: =SUM(G12*H12) -> 0
B13: 4 | M13: =SUM(G13*H13) -> 0
B14: 5 | M14: =SUM(G14*H14) -> 0
B15: 6 | M15: =SUM(G15*H15) -> 0
B16: 7 | M16: =SUM(G16*H16) -> 0
B17: 8 | M17: =SUM(G17*H17) -> 0
B18: 9 | M18: =SUM(G18*H18) -> 0
B19: 10 | M19: =SUM(G19*H19) -> 0
B20: 11 | M20: =SUM(G20*H20) -> 0
B21: 12 | M21: =SUM(G21*H21) -> 0
... B44: 35 | M44: =SUM(G44*H44) -> 0
B46: Total Hours | G46: =SUM(G10:G44) -> 0 | K46: Total Costs (Match) | M46: =ROUND(SUM(M10:M45),2) -> 0
B48: Other Types of Match | M48: 0
B49: Other Types of Match | M49: 0
K50: Total Match | M50: =ROUND(SUM(M46+M48+M49),2) -> 0
B51: I certify that the totals listed above are an actual representation of expenses incurred by this agency towards the administration of the federal grant listed above. The expenses listed above are intended as in-kind match funds to be utilized to satisfy the match requirements of the federal grant. I further certify that the expenses listed above are not being used as match funds for any other federal grant program and are in accordance with federal guidelines.
B56: ****Payroll Representative/Financial Officer listed on the application****
B58: Printed name: | J58: Title:
B60: Signature: | K60: Date:
M61: Rev. 9/2026

Sheet 2027 OP RR
B1: Bureau of Highway Safety | E1: Please e-mail reimbursement to: BHSGrant.MDPS@maine.gov
B2: 164 State House Station
B3: Augusta, ME 04333-0164 | M3: *Please complete all highlighted fields
B5: REIMBURSEMENT REQUEST/EXPENDITURE REPORT | M5: and checkboxes as necessary. All other
B7: SUBRECIPIENT: | D7: =Information!B4 -> 0 | H7: SUBGRANT #: | I7: =Information!D14 -> 0 | M7: required fields will automatically populate
B9: PROJECT TITLE: | D9: 2027 Occupant Protection High Visablity Enforcement | M9: from prior worksheets*
B11: REPORT PERIOD: | D11: ='2027 OP FSR'!F6 -> 0 | E11: TO | F11: ='2027 OP FSR'!H6 -> 0 | M11: *Line 8 is to be filled in with the amount from Line 9 of your previous reimbursement request.
E13: Federal Dollars | G13: Match Funds | I13: Total Grant Funds
B14: 1 | C14: Award Amount | E14: =Information!B15 -> 0 | G14: =SUM(E14*0.25) -> 0 | I14: =SUM(E14+G14) -> 0
B16: 2 | C16: Personal Services | E16: ='2027 OP FSR'!M46 -> 0 | I16: =SUM(E16:H16) -> 0
B17: 3 | C17: Travel | I17: =SUM(E17:H17) -> 0
B18: 4 | C18: Equipment | I18: =SUM(E18:H18) -> 0
B19: 5 | C19: Consultants | I19: =SUM(E19:H19) -> 0
B20: 6 | C20: Other | G20: =IFERROR('2027 OP Match'!M50,0) -> 0 | I20: =SUM(E20:H20) -> 0
B22: 7 | C22: Total Cost this Period | E22: =SUM(E16:F20) -> 0 | G22: =SUM(G16:H20) -> 0 | I22: =SUM(I16:J20) -> 0
B23: 8 | C23: Cumulative Cost Prior Period(s)* | I23: =SUM(E23:H23) -> 0
B24: 9 | C24: Cumulative Cost to Date | E24: =SUM(E22:F23) -> 0 | G24: =SUM(G22:H23) -> 0 | I24: =SUM(E24:H24) -> 0
B26: 10 | C26: Balance Remaining in Grant | E26: =SUM(E14-E24) -> 0 | G26: =SUM(G14-G24) -> 0 | I26: =SUM(I14-I24) -> 0
B29: 11. | H29: 12.
B31: I CERTIFY, that, in accordance with the laws of the state and under terms of the approved project mentioned herein, that actual
B32: costs claimed have been incurred for the purpose specified; that no other/prior claim has been presented for payment of costs
B33: claimed herein.
B35: 13.
C36: Date | E36: Authorized Signature | I36: Title
B38: 14. | C38: Federal Employer Number: | E38: =Information!B10 -> 0
C40: Make check payable to: | E40: =Information!B6 -> 0
E42: =Information!B7 -> 0
E43: =Information!B8 -> 0
E44: Bureau of Highway Safety Use Only
B46: Voucher #: | D46: Voucher Date: | F46: Request #: | H46: Amount: | I46: =E22 -> 0
B48: Coordinator Review By: | E48: Date Recieved: | G48: Final Date Approved:
B50: Accounting Review By: | E50: Date: | H50: Expended:
H51: Disbursed:
H52: Draw:
B55: Approved for payment by: ___________________________________________ | H55: Date:___________________
B57: Vendor Code: | D57: =Information!B11 -> 0
B59: ALN # : 20.600
B60: CTB: 16A 20260611*0067
H61: =E22 -> 0
J63: rev 9/2026

Sheet 2027 PS FSR
A1: 2027 Pedestrian/Motor Vehicle Enforcement
A2: FINANCIAL SUMMARY REPORT
E3: =Information!B4 -> 0
B4: Department Name: | K4: Subgrant # | L4: =Information!D14 -> 0 | P4: *Please complete all highlighted fields
B6: Financial Reporting Period: | G6: to | P6: and checkboxes as necessary. All other
B8: Officer Name | F8: Date of Activity | G8: Hours | H8: Overtime Rate | I8: Social Security | J8: Medicare | K8: Retirement | L8: Date Paid | M8: Total | P8: required fields will automatically populate from prior worksheets*
I9: =Information!B23 -> 0 | J9: =Information!B24 -> 0 | K9: =Information!B25 -> 0
B10: 1 | I10: =SUM((H10*G10)*I$9) -> 0 | J10: =SUM((G10*H10)*J$9) -> 0 | K10: =SUM((G10*H10)*K$9) -> 0 | M10: =SUM((G10*H10)+(I10+J10+K10)) -> 0
B11: 2 | I11: =SUM((H11*G11)*I$9) -> 0 | J11: =SUM((G11*H11)*J$9) -> 0 | K11: =SUM((G11*H11)*K$9) -> 0 | M11: =SUM((G11*H11)+(I11+J11+K11)) -> 0
B12: 3 | I12: =SUM((H12*G12)*I$9) -> 0 | J12: =SUM((G12*H12)*J$9) -> 0 | K12: =SUM((G12*H12)*K$9) -> 0 | M12: =SUM((G12*H12)+(I12+J12+K12)) -> 0
B13: 4 | I13: =SUM((H13*G13)*I$9) -> 0 | J13: =SUM((G13*H13)*J$9) -> 0 | K13: =SUM((G13*H13)*K$9) -> 0 | M13: =SUM((G13*H13)+(I13+J13+K13)) -> 0
B14: 5 | I14: =SUM((H14*G14)*I$9) -> 0 | J14: =SUM((G14*H14)*J$9) -> 0 | K14: =SUM((G14*H14)*K$9) -> 0 | M14: =SUM((G14*H14)+(I14+J14+K14)) -> 0
B15: 6 | I15: =SUM((H15*G15)*I$9) -> 0 | J15: =SUM((G15*H15)*J$9) -> 0 | K15: =SUM((G15*H15)*K$9) -> 0 | M15: =SUM((G15*H15)+(I15+J15+K15)) -> 0
B16: 7 | I16: =SUM((H16*G16)*I$9) -> 0 | J16: =SUM((G16*H16)*J$9) -> 0 | K16: =SUM((G16*H16)*K$9) -> 0 | M16: =SUM((G16*H16)+(I16+J16+K16)) -> 0
B17: 8 | I17: =SUM((H17*G17)*I$9) -> 0 | J17: =SUM((G17*H17)*J$9) -> 0 | K17: =SUM((G17*H17)*K$9) -> 0 | M17: =SUM((G17*H17)+(I17+J17+K17)) -> 0
B18: 9 | I18: =SUM((H18*G18)*I$9) -> 0 | J18: =SUM((G18*H18)*J$9) -> 0 | K18: =SUM((G18*H18)*K$9) -> 0 | M18: =SUM((G18*H18)+(I18+J18+K18)) -> 0
B19: 10 | I19: =SUM((H19*G19)*I$9) -> 0 | J19: =SUM((G19*H19)*J$9) -> 0 | K19: =SUM((G19*H19)*K$9) -> 0 | M19: =SUM((G19*H19)+(I19+J19+K19)) -> 0
B20: 11 | I20: =SUM((H20*G20)*I$9) -> 0 | J20: =SUM((G20*H20)*J$9) -> 0 | K20: =SUM((G20*H20)*K$9) -> 0 | M20: =SUM((G20*H20)+(I20+J20+K20)) -> 0
B21: 12 | I21: =SUM((H21*G21)*I$9) -> 0 | J21: =SUM((G21*H21)*J$9) -> 0 | K21: =SUM((G21*H21)*K$9) -> 0 | M21: =SUM((G21*H21)+(I21+J21+K21)) -> 0
... B44: 35 | I44: =SUM((H44*G44)*I$9) -> 0 | J44: =SUM((G44*H44)*J$9) -> 0 | K44: =SUM((G44*H44)*K$9) -> 0 | M44: =SUM((G44*H44)+(I44+J44+K44)) -> 0
B45: Finance Adjustment | M45: =F45 -> 0
B46: Total Hours | G46: =SUM(G10:G44) -> 0 | L46: Total Costs | M46: =ROUND(SUM(M10:M45),2) -> 0
B48: Notes for Finance Adjustment
B53: I certify that the totals listed above are the overtime wages earned by the participating officers and were paid to the officers on the dates indicated. Reimbursement is being sought as personal services under the 2027 Pedestrian/Motor Vehicle Enforcement grant.
B56: ****Payroll Representative/Financial Officer listed on the application****
B58: Printed name: | J58: Title:
B60: Signature: | K60: Date:
M61: Rev. 9/2026

Sheet 2027 PS Match
A1: 2027 Pedestrian/Motor Vehicle Enforcement
A2: MATCH REPORT
E3: =Information!B4 -> 0
B4: Department Name: | K4: Subgrant # | L4: =Information!D14 -> 0 | P4: *Please complete all highlighted fields
B6: Financial Reporting Period: | F6: ='2027 PS FSR'!F6 -> 0 | G6: to | H6: ='2027 PS FSR'!H6 -> 0 | P6: and checkboxes as necessary. All other
B8: Officer Name | F8: Date of Activity | G8: Hours | H8: Salary Rate | I8: Function | L8: Date Paid | M8: Total | P8: required fields will automatically populate from prior worksheets*
B10: 1 | M10: =SUM(G10*H10) -> 0
B11: 2 | M11: =SUM(G11*H11) -> 0
B12: 3 | M12: =SUM(G12*H12) -> 0
B13: 4 | M13: =SUM(G13*H13) -> 0
B14: 5 | M14: =SUM(G14*H14) -> 0
B15: 6 | M15: =SUM(G15*H15) -> 0
B16: 7 | M16: =SUM(G16*H16) -> 0
B17: 8 | M17: =SUM(G17*H17) -> 0
B18: 9 | M18: =SUM(G18*H18) -> 0
B19: 10 | M19: =SUM(G19*H19) -> 0
B20: 11 | M20: =SUM(G20*H20) -> 0
B21: 12 | M21: =SUM(G21*H21) -> 0
... B44: 35 | M44: =SUM(G44*H44) -> 0
B46: Total Hours | G46: =SUM(G10:G44) -> 0 | K46: Total Costs (Match) | M46: =ROUND(SUM(M10:M45),2) -> 0
B48: Other Types of Match | M48: 0
B49: Other Types of Match | M49: 0
K50: Total Match | M50: =ROUND(SUM(M46+M48+M49),2) -> 0
B51: I certify that the totals listed above are an actual representation of expenses incurred by this agency towards the administration of the federal grant listed above. The expenses listed above are intended as in-kind match funds to be utilized to satisfy the match requirements of the federal grant. I further certify that the expenses listed above are not being used as match funds for any other federal grant program and are in accordance with federal guidelines.
B56: ****Payroll Representative/Financial Officer listed on the application****
B58: Printed name: | J58: Title:
B60: Signature: | K60: Date:
M61: Rev. 9/2026

Sheet 2027 PS RR
B1: Bureau of Highway Safety | E1: Please e-mail reimbursement to: BHSGrant.MDPS@maine.gov
B2: 164 State House Station
B3: Augusta, ME 04333-0164 | M3: *Please complete all highlighted fields
B5: REIMBURSEMENT REQUEST/EXPENDITURE REPORT | M5: and checkboxes as necessary. All other
B7: SUBRECIPIENT: | D7: =Information!B4 -> 0 | H7: SUBGRANT #: | I7: =Information!D14 -> 0 | M7: required fields will automatically populate
B9: PROJECT TITLE: | D9: 2027 Pedestrian/Motor Vehicle Enforcement | M9: from prior worksheets*
B11: REPORT PERIOD: | D11: ='2027 PS FSR'!F6 -> 0 | E11: TO | F11: ='2027 PS FSR'!H6 -> 0 | M11: *Line 8 is to be filled in with the amount from Line 9 of your previous reimbursement request.
E13: Federal Dollars | G13: Match Funds | I13: Total Grant Funds
B14: 1 | C14: Award Amount | E14: =Information!B16 -> 0 | G14: =SUM(E14*0.25) -> 0 | I14: =SUM(E14+G14) -> 0
B16: 2 | C16: Personal Services | E16: ='2027 PS FSR'!M46 -> 0 | I16: =SUM(E16:H16) -> 0
B17: 3 | C17: Travel | I17: =SUM(E17:H17) -> 0
B18: 4 | C18: Equipment | I18: =SUM(E18:H18) -> 0
B19: 5 | C19: Consultants | I19: =SUM(E19:H19) -> 0
B20: 6 | C20: Other | G20: =IFERROR('2027 PS Match'!M50,0) -> 0 | I20: =SUM(E20:H20) -> 0
B22: 7 | C22: Total Cost this Period | E22: =SUM(E16:F20) -> 0 | G22: =SUM(G16:H20) -> 0 | I22: =SUM(I16:J20) -> 0
B23: 8 | C23: Cumulative Cost Prior Period(s)* | I23: =SUM(E23:H23) -> 0
B24: 9 | C24: Cumulative Cost to Date | E24: =SUM(E22:F23) -> 0 | G24: =SUM(G22:H23) -> 0 | I24: =SUM(E24:H24) -> 0
B26: 10 | C26: Balance Remaining in Grant | E26: =SUM(E14-E24) -> 0 | G26: =SUM(G14-G24) -> 0 | I26: =SUM(I14-I24) -> 0
B29: 11. | H29: 12.
B31: I CERTIFY, that, in accordance with the laws of the state and under terms of the approved project mentioned herein, that actual
B32: costs claimed have been incurred for the purpose specified; that no other/prior claim has been presented for payment of costs
B33: claimed herein.
B35: 13.
C36: Date | E36: Authorized Signature | I36: Title
B38: 14. | C38: Federal Employer Number: | E38: =Information!B10 -> 0
C40: Make check payable to: | E40: =Information!B6 -> 0
E42: =Information!B7 -> 0
E43: =Information!B8 -> 0
E44: Bureau of Highway Safety Use Only
B46: Voucher #: | D46: Voucher Date: | F46: Request #: | H46: Amount: | I46: =E22 -> 0
B48: Coordinator Review By: | E48: Date Recieved: | G48: Final Date Approved:
B50: Accounting Review By: | E50: Date: | H50: Expended:
H51: Disbursed:
H52: Draw:
B55: Approved for payment by: ___________________________________________ | H55: Date:___________________
B57: Vendor Code: | D57: =Information!B11 -> 0
B59: ALN # : 20.600
B60: CTB: 16A 20260611*0067
H61: =E22 -> 0
J63: rev 9/2026

Sheet 2027 SC FSR
A1: 2027 Speed & Aggressive Driving Enforcement
A2: FINANCIAL SUMMARY REPORT
E3: =Information!B4 -> 0
B4: Department Name: | K4: Subgrant # | L4: =Information!D14 -> 0 | P4: *Please complete all highlighted fields
B6: Financial Reporting Period: | G6: to | P6: and checkboxes as necessary. All other
B8: Officer Name | F8: Date of Activity | G8: Hours | H8: Overtime Rate | I8: Social Security | J8: Medicare | K8: Retirement | L8: Date Paid | M8: Total | P8: required fields will automatically populate from prior worksheets*
I9: =Information!B23 -> 0 | J9: =Information!B24 -> 0 | K9: =Information!B25 -> 0
B10: 1 | I10: =SUM((H10*G10)*I$9) -> 0 | J10: =SUM((G10*H10)*J$9) -> 0 | K10: =SUM((G10*H10)*K$9) -> 0 | M10: =SUM((G10*H10)+(I10+J10+K10)) -> 0
B11: 2 | I11: =SUM((H11*G11)*I$9) -> 0 | J11: =SUM((G11*H11)*J$9) -> 0 | K11: =SUM((G11*H11)*K$9) -> 0 | M11: =SUM((G11*H11)+(I11+J11+K11)) -> 0
B12: 3 | I12: =SUM((H12*G12)*I$9) -> 0 | J12: =SUM((G12*H12)*J$9) -> 0 | K12: =SUM((G12*H12)*K$9) -> 0 | M12: =SUM((G12*H12)+(I12+J12+K12)) -> 0
B13: 4 | I13: =SUM((H13*G13)*I$9) -> 0 | J13: =SUM((G13*H13)*J$9) -> 0 | K13: =SUM((G13*H13)*K$9) -> 0 | M13: =SUM((G13*H13)+(I13+J13+K13)) -> 0
B14: 5 | I14: =SUM((H14*G14)*I$9) -> 0 | J14: =SUM((G14*H14)*J$9) -> 0 | K14: =SUM((G14*H14)*K$9) -> 0 | M14: =SUM((G14*H14)+(I14+J14+K14)) -> 0
B15: 6 | I15: =SUM((H15*G15)*I$9) -> 0 | J15: =SUM((G15*H15)*J$9) -> 0 | K15: =SUM((G15*H15)*K$9) -> 0 | M15: =SUM((G15*H15)+(I15+J15+K15)) -> 0
B16: 7 | I16: =SUM((H16*G16)*I$9) -> 0 | J16: =SUM((G16*H16)*J$9) -> 0 | K16: =SUM((G16*H16)*K$9) -> 0 | M16: =SUM((G16*H16)+(I16+J16+K16)) -> 0
B17: 8 | I17: =SUM((H17*G17)*I$9) -> 0 | J17: =SUM((G17*H17)*J$9) -> 0 | K17: =SUM((G17*H17)*K$9) -> 0 | M17: =SUM((G17*H17)+(I17+J17+K17)) -> 0
B18: 9 | I18: =SUM((H18*G18)*I$9) -> 0 | J18: =SUM((G18*H18)*J$9) -> 0 | K18: =SUM((G18*H18)*K$9) -> 0 | M18: =SUM((G18*H18)+(I18+J18+K18)) -> 0
B19: 10 | I19: =SUM((H19*G19)*I$9) -> 0 | J19: =SUM((G19*H19)*J$9) -> 0 | K19: =SUM((G19*H19)*K$9) -> 0 | M19: =SUM((G19*H19)+(I19+J19+K19)) -> 0
B20: 11 | I20: =SUM((H20*G20)*I$9) -> 0 | J20: =SUM((G20*H20)*J$9) -> 0 | K20: =SUM((G20*H20)*K$9) -> 0 | M20: =SUM((G20*H20)+(I20+J20+K20)) -> 0
B21: 12 | I21: =SUM((H21*G21)*I$9) -> 0 | J21: =SUM((G21*H21)*J$9) -> 0 | K21: =SUM((G21*H21)*K$9) -> 0 | M21: =SUM((G21*H21)+(I21+J21+K21)) -> 0
... B44: 35 | I44: =SUM((H44*G44)*I$9) -> 0 | J44: =SUM((G44*H44)*J$9) -> 0 | K44: =SUM((G44*H44)*K$9) -> 0 | M44: =SUM((G44*H44)+(I44+J44+K44)) -> 0
B45: Finance Adjustment | M45: =F45 -> 0
B46: Total Hours | G46: =SUM(G10:G44) -> 0 | L46: Total Costs | M46: =ROUND(SUM(M10:M45),2) -> 0
B48: Notes for Finance Adjustment
B53: I certify that the totals listed above are the overtime wages earned by the participating officers and were paid to the officers on the dates indicated. Reimbursement is being sought as personal services under the 2027 Data Driven Speed Enforcement grant.
B56: ****Payroll Representative/Financial Officer listed on the application****
B58: Printed name: | J58: Title:
B60: Signature: | K60: Date:
M61: Rev. 9/2026

Sheet 2027 SC Match
A1: 2027 Speed & Aggressive Driving Enforcement
A2: MATCH REPORT
E3: =Information!B4 -> 0
B4: Department Name: | K4: Subgrant # | L4: =Information!D14 -> 0 | P4: *Please complete all highlighted fields
B6: Financial Reporting Period: | F6: ='2027 SC FSR'!F6 -> 0 | G6: to | H6: ='2027 SC FSR'!H6 -> 0 | P6: and checkboxes as necessary. All other
B8: Officer Name | F8: Date of Activity | G8: Hours | H8: Salary Rate | I8: Function | L8: Date Paid | M8: Total | P8: required fields will automatically populate from prior worksheets*
B10: 1 | M10: =SUM(G10*H10) -> 0
B11: 2 | M11: =SUM(G11*H11) -> 0
B12: 3 | M12: =SUM(G12*H12) -> 0
B13: 4 | M13: =SUM(G13*H13) -> 0
B14: 5 | M14: =SUM(G14*H14) -> 0
B15: 6 | M15: =SUM(G15*H15) -> 0
B16: 7 | M16: =SUM(G16*H16) -> 0
B17: 8 | M17: =SUM(G17*H17) -> 0
B18: 9 | M18: =SUM(G18*H18) -> 0
B19: 10 | M19: =SUM(G19*H19) -> 0
B20: 11 | M20: =SUM(G20*H20) -> 0
B21: 12 | M21: =SUM(G21*H21) -> 0
... B44: 35 | M44: =SUM(G44*H44) -> 0
B46: Total Hours | G46: =SUM(G10:G44) -> 0 | K46: Total Costs (Match) | M46: =ROUND(SUM(M10:M45),2) -> 0
B48: Other Types of Match | M48: 0
B49: Other Types of Match | M49: 0
K50: Total Match | M50: =ROUND(SUM(M46+M48+M49),2) -> 0
B51: I certify that the totals listed above are an actual representation of expenses incurred by this agency towards the administration of the federal grant listed above. The expenses listed above are intended as in-kind match funds to be utilized to satisfy the match requirements of the federal grant. I further certify that the expenses listed above are not being used as match funds for any other federal grant program and are in accordance with federal guidelines.
B56: ****Payroll Representative/Financial Officer listed on the application****
B58: Printed name: | J58: Title:
B60: Signature: | K60: Date:
M61: Rev. 9/2026

Sheet 2027 SC RR
B1: Bureau of Highway Safety | E1: Please e-mail reimbursement to: BHSGrant.MDPS@maine.gov
B2: 164 State House Station
B3: Augusta, ME 04333-0164 | M3: *Please complete all highlighted fields
B5: REIMBURSEMENT REQUEST/EXPENDITURE REPORT | M5: and checkboxes as necessary. All other
B7: SUBRECIPIENT: | D7: =Information!B4 -> 0 | H7: SUBGRANT #: | I7: =Information!D14 -> 0 | M7: required fields will automatically populate
B9: PROJECT TITLE: | D9: 2027 Speed & Aggressive Driving Enforcement | M9: from prior worksheets*
B11: REPORT PERIOD: | D11: ='2027 SC FSR'!F6 -> 0 | E11: TO | F11: ='2027 SC FSR'!H6 -> 0 | M11: *Line 8 is to be filled in with the amount from Line 9 of your previous reimbursement request.
E13: Federal Dollars | G13: Match Funds | I13: Total Grant Funds
B14: 1 | C14: Award Amount | E14: =Information!B17 -> 0 | G14: =SUM(E14*0.25) -> 0 | I14: =SUM(E14+G14) -> 0
B16: 2 | C16: Personal Services | E16: ='2027 SC FSR'!M46 -> 0 | I16: =SUM(E16:H16) -> 0
B17: 3 | C17: Travel | I17: =SUM(E17:H17) -> 0
B18: 4 | C18: Equipment | I18: =SUM(E18:H18) -> 0
B19: 5 | C19: Consultants | I19: =SUM(E19:H19) -> 0
B20: 6 | C20: Other | G20: =IFERROR('2027 SC Match'!M50,0) -> 0 | I20: =SUM(E20:H20) -> 0
B22: 7 | C22: Total Cost this Period | E22: =SUM(E16:F20) -> 0 | G22: =SUM(G16:H20) -> 0 | I22: =SUM(I16:J20) -> 0
B23: 8 | C23: Cumulative Cost Prior Period(s)* | I23: =SUM(E23:H23) -> 0
B24: 9 | C24: Cumulative Cost to Date | E24: =SUM(E22:F23) -> 0 | G24: =SUM(G22:H23) -> 0 | I24: =SUM(E24:H24) -> 0
B26: 10 | C26: Balance Remaining in Grant | E26: =SUM(E14-E24) -> 0 | G26: =SUM(G14-G24) -> 0 | I26: =SUM(I14-I24) -> 0
B29: 11. | H29: 12.
B31: I CERTIFY, that, in accordance with the laws of the state and under terms of the approved project mentioned herein, that actual
B32: costs claimed have been incurred for the purpose specified; that no other/prior claim has been presented for payment of costs
B33: claimed herein.
B35: 13.
C36: Date | E36: Authorized Signature | I36: Title
B38: 14. | C38: Federal Employer Number: | E38: =Information!B10 -> 0
C40: Make check payable to: | E40: =Information!B6 -> 0
E42: =Information!B7 -> 0
E43: =Information!B8 -> 0
E44: Bureau of Highway Safety Use Only
B46: Voucher #: | D46: Voucher Date: | F46: Request #: | H46: Amount: | I46: =E22 -> 0
B48: Coordinator Review By: | E48: Date Recieved: | G48: Final Date Approved:
B50: Accounting Review By: | E50: Date: | H50: Expended:
H51: Disbursed:
H52: Draw:
B55: Approved for payment by: ___________________________________________ | H55: Date:___________________
B57: Vendor Code: | D57: =Information!B11 -> 0
B59: ALN # : 20.600
B60: CTB: 16A 20260611*0067
H61: =E22 -> 0
J63: rev 9/2026
